 Dungeon Crawl Stone Soup version 0.22.1-2-g9c5b331383 (webtiles) character file.

8030 Gargoyl the Agent of Entropy (level 11, -9/89 HPs)
             Began as a Centaur Abyssal Knight on Jan 2, 2019.
             Was a Priest of Lugonu.
             Mangled by a spiny frog (16 damage)
             ... on level 2 of the Lair of Beasts.
             The game lasted 00:19:27 (13895 turns).

Gargoyl the Agent of Entropy (CeAK)                Turns: 13895, Time: 00:19:29

Health: -9/89      AC: 14    Str: 18    XL:     11   Next: 4%
Magic:  15/15      EV:  9    Int: 11    God:    Lugonu [***...]
Gold:   414        SH:  4    Dex: 11    Spells: 10/10 levels left

rFire    + . .     SeeInvis .   n - +4 war axe (freeze) (curse)
rCold    . . .     Gourm    .   l - +0 buckler
rNeg     . . .     Faith    .   d - +1 scale mail
rPois    .         Spirit   .   (no helmet)
rElec    .         Reflect  .   e - +2 cloak
rCorr    .         Harm     .   (no gloves)
MR       .....                  (no barding)
Stlth    ..........             (no amulet)
HPRegen  0.24/turn              s - ring of protection from fire
MPRegen  0.14/turn              (no ring)

@: lethally poisoned (-9 -> -45), very quick
A: large, hooves 3, slimy green scales 1, deformed body, speed 2, low mp 1,
strong 1, tough skin 3
a: Depart the Abyss, Bend Space, Banish, Renounce Religion


You were on level 2 of the Lair of Beasts.
You worshipped Lugonu.
Lugonu was most pleased with you.
You were not hungry.

You visited 2 branches of the dungeon, and saw 10 of its levels.
You visited the Abyss 1 time.
You also visited: Ossuary.

You collected 564 gold pieces.
You spent 150 gold pieces at shops.

Inventory:

Hand Weapons
 a - a +4 hand axe
 n - a cursed +4 war axe of freezing (weapon)
Missiles
 t - 3 javelins (quivered)
Armour
 d - a +1 scale mail (worn)
 e - a +2 cloak (worn)
 l - a +0 buckler (worn)
Jewellery
 s - a ring of protection from fire (left hand)
Wands
 u - a wand of polymorph (17)
 z - a wand of flame (19)
 A - a wand of enslavement (14)
Scrolls
 b - 3 scrolls of teleportation
 f - 6 scrolls of remove curse
 h - 3 scrolls of identify
 p - a scroll of blinking
 r - 3 scrolls of holy word
 w - 2 scrolls of fear
Potions
 g - 2 potions of cancellation
 j - 4 potions of curing
 k - 3 potions of mutation
 m - 3 potions of flight
 o - a potion of ambrosia
 q - 5 potions of heal wounds
 x - 2 potions of brilliance
Comestibles
 c - 18 rations


   Skills:
 + Level 6.1 Fighting
 + Level 8.0 Axes
 + Level 1.2 Throwing
 * Level 7.8 Armour
 + Level 3.3 Dodging
 + Level 2.2 Shields
 * Level 8.2 Invocations
 + Level 2.2 Evocations


You had 10 spell levels left.
You didn't know any spells.
Your spell library was empty.

Dungeon Overview and Level Annotations

Branches:
Dungeon (8/15)             Temple (0/1) D:6            Lair (2/6) D:8
  Swamp: Lair:2-4    Shoals: Lair:2-4     Snake: Lair:2-4    Spider: Lair:2-4

Altars:
Nemelex Xobeh
Okawaru
Qazlal
Sif Muna
Trog
Vehumet
The Shining One

Shops:
D:6 !


Innate Abilities, Weirdness & Mutations

You have hooves in place of feet.
Armour fits poorly on your strangely shaped body.
You cover ground very quickly.
You have extremely tough skin. (AC +3)
You are partially covered in slimy green scales. (AC +2)
Your magical capacity is low. (-10% MP)
Your muscles are strong. (Str +2)


Message History

You hit the spiny frog but do no damage.
Your kick misses the spiny frog.
The spiny frog is severely wounded.
* * * LOW HITPOINT WARNING * * *
You feel very sick. The spiny frog stings you!
* * * LOW HITPOINT WARNING * * *
You barely miss the spiny frog.
The spiny frog is heavily wounded.
* * * LOW HITPOINT WARNING * * *
You feel very sick. The spiny frog barely misses you.
Unknown command.
You slash the spiny frog! You freeze the spiny frog.
You kick the spiny frog, but do no damage.
The spiny frog is almost dead.
* * * LOW HITPOINT WARNING * * *
You feel very sick. The spiny frog stings you!
You die...

.. ... .... #....
## .....
#.#####..# .#
.##...F@...# #.#
........####...
..P......#..#
#.#.#.#.#.#.#..
#................
..#.#.#.#.#.#....
................%
..#.#.#<#.#.#..
..............P#


You could see a spiny frog.

Vanquished Creatures
  A two-headed ogre (D:8)
  Pikel (D:6)
  A black mamba (Lair:1)
  2 spiny frogs (Lair:1)
  A troll (D:8)
  Grinder (D:6)
  A queen bee (Lair:1)
  Sigmund (D:4)
  4 yaks (Lair:1)
  Edmund (D:6)
  Menkaure (D:6)
  A water moccasin (Lair:1)
  Duvessa (D:4)
  2 sky beasts
  2 ice beasts
  A phantom (D:8)
  3 ogres
  3 orc warriors (D:6)
  3 wolves (D:8)
  A crocodile (Lair:1)
  2 centaurs
  2 bullfrogs
  Dowan (D:4)
  29 killer bees
  8 wights
  2 howler monkeys
  2 crimson imps
  A jelly (D:6)
  8 hounds
  A centaur skeleton (D:7)
  An orc priest (D:5)
  A bullfrog skeleton (D:4)
  2 iguanas
  4 orc wizards
  3 worker ants
  A killer bee zombie (D:6)
  2 big kobold zombies (Ossuary)
  A hound zombie (D:7)
  A hound skeleton (D:7)
  4 mummies (Ossuary)
  8 gnolls (D:7)
  6 adders
  A shadow imp (D:8)
  An ufetubus (Abyss:2)
  An ooze (D:3)
  An adder skeleton (D:4)
  2 worms
  A dart slug (D:1)
  6 leopard geckos
  14 orcs
  A ball python (D:2)
  5 bats
  6 goblins
  11 hobgoblins
  4 jackals
  11 kobolds
  2 quokkas
  7 frilled lizards
  A jackal skeleton (D:5)
  A leopard gecko skeleton (D:8)
  3 rats (D:2)
201 creatures vanquished.

Vanquished Creatures (others)
  An ice beast (D:6)
  2 slaves (D:6)
  An ogre (D:5)
  A wolf (D:8)
  A killer bee (D:6)
  An electric eel (D:8)
  A howler monkey (D:5)
  A hound (D:6)
  A jelly (D:6)
  A shadow imp (D:6)
  An orc (D:6)
  A giant cockroach (D:6)
  4 starspawn tentacles (Abyss:2)
17 creatures vanquished.

Grand Total: 218 creatures vanquished

Notes
Turn   | Place    | Note
-------+----------+-------------------------------------------
     0 | Abyss:1  | Gargoyl the Centaur Abyssal Knight began the quest for the
                  | Orb.
     0 | Abyss:1  | Reached XP level 1. HP: 19/19 MP: 2/2
    78 | Abyss:2  | Noticed a tentacled starspawn
   107 | Abyss:2  | Noticed a wretched star
   114 | Abyss:2  | Noticed a large abomination
   149 | Abyss:2  | Noticed a sixfirhy
   152 | D:1      | Escaped the Abyss
   353 | D:1      | Reached XP level 2. HP: 25/26 MP: 3/3
   600 | D:1      | Reached * piety under Lugonu
  1019 | D:2      | Reached XP level 3. HP: 26/31 MP: 4/4
  2116 | D:3      | Reached ** piety under Lugonu
  2133 | D:3      | Reached XP level 4. HP: 26/38 MP: 6/6
  2410 | D:3      | Found a sparkling altar of Nemelex Xobeh.
  2708 | D:4      | Noticed Sigmund
  2947 | D:3      | Gained mutation: You are partially covered in slimy green
                  | scales. (AC +2) [potion of mutation]
  2947 | D:3      | Gained mutation: Your magical capacity is low. (-10% MP)
                  | [potion of mutation]
  2947 | D:3      | Gained mutation: Your muscles are strong. (Str +2) [potion
                  | of mutation]
  2955 | D:4      | Killed Sigmund
  2955 | D:4      | Reached skill level 1 in Dodging
  2955 | D:4      | Reached XP level 5. HP: 41/46 MP: 6/6
  2955 | D:4      | Reached XP level 6. HP: 46/52 MP: 7/7
  3057 | D:4      | Found a sand-covered staircase.
  3067 | Ossuary  | Entered an ossuary
  3357 | D:4      | Noticed Dowan
  3358 | D:4      | Noticed Duvessa
  3380 | D:4      | Killed Dowan
  3397 | D:4      | Killed Duvessa
  3606 | D:4      | Reached XP level 7. HP: 57/58 MP: 8/8
  3715 | D:5      | Entered Level 5 of the Dungeon
  4074 | D:5      | Reached skill level 5 in Axes
  4181 | D:5      | Reached skill level 5 in Invocations
  4181 | D:5      | Reached XP level 8. HP: 66/66 MP: 10/10
  4469 | D:5      | Found a transporter.
  4757 | D:5      | Found a transporter.
  5193 | D:6      | Found Jioji's Distillery.
  5205 | D:6      | Bought a potion of heal wounds for 50 gold pieces
  5205 | D:6      | Bought a potion of heal wounds for 50 gold pieces
  5205 | D:6      | Bought a potion of heal wounds for 50 gold pieces
  5214 | D:6      | Noticed Edmund
  5230 | D:6      | Killed Edmund
  5230 | D:6      | Reached skill level 1 in Evocations
  5378 | D:6      | Noticed Pikel
  5410 | D:6      | Killed Pikel
  5486 | D:6      | Noticed Grinder
  5494 | D:6      | Noticed Menkaure
  5565 | D:7      | Reached *** piety under Lugonu
  5763 | D:6      | Reached skill level 1 in Shields
  5967 | D:6      | Paralysed by Grinder for 5 turns
  5978 | D:6      | Killed Grinder
  5978 | D:6      | Reached skill level 5 in Armour
  5978 | D:6      | Reached XP level 9. HP: 44/72 MP: 12/12
  6510 | D:6      | Killed Menkaure
  6918 | D:6      | Found a staircase to the Ecumenical Temple.
  7514 | D:6      | Reached skill level 5 in Fighting
  7910 | D:6      | HP: 2/74 [killer bee (6)]
  8255 | D:7      | Found an iron altar of Okawaru.
  9041 | D:8      | Noticed a two-headed ogre
  9069 | D:8      | Killed a two-headed ogre
  9396 | D:8      | Reached XP level 10. HP: 81/81 MP: 13/13
 10107 | D:8      | Found a staircase to the Lair.
 10211 | D:8      | Found a stormy altar of Qazlal.
 10333 | D:8      | Found a glowing golden altar of the Shining One.
 10333 | D:8      | Found a deep blue altar of Sif Muna.
 10339 | D:8      | Found a bloodstained altar of Trog.
 10341 | D:8      | Found a radiant altar of Vehumet.
 10342 | D:8      | Found a faded altar of an unknown god.
 10413 | Lair:1   | Entered Level 1 of the Lair of Beasts
 10638 | D:8      | Reached skill level 1 in Throwing
 12700 | Lair:1   | Noticed a spiny frog
 12706 | Lair:1   | Killed a spiny frog
 13011 | Lair:2   | Noticed a spiny frog
 13320 | Lair:1   | Killed a spiny frog
 13320 | Lair:1   | Reached XP level 11. HP: 26/89 MP: 15/15
 13895 | Lair:2   | Mangled by a spiny frog

Skill      XL: |  1  2  3  4  5  6  7  8  9 10 11 |
---------------+----------------------------------+-----
Axes           | 2 3 4 5 6 7 8 |  8.0
Armour         | 2 3 5 6 7 |  7.8
Invocations    | 3 5 6 8 |  8.2
Dodging        | 1 2 3 |  3.3
Fighting       | 4 5 6 |  6.1
Evocations     | 2 |  2.2
Shields        | 1 2 |  2.2
Throwing       | 1 |  1.2

Action                   |  1- 3 |  4- 6 |  7- 9 | 10-12 || total
-------------------------+-------+-------+-------+-------++-------
Melee: Hand axe          |   116 |    66 |   221 |       ||   403
       Kick              |    16 |    13 |    88 |    45 ||   162
       Unarmed           |       |    10 |       |       ||    10
       War axe           |       |       |    97 |   228 ||   325
Throw: Javelin           |       |     3 |       |    13 ||    16
Invok: Depart the Abyss  |     1 |       |       |       ||     1
       Banish            |       |       |     1 |     3 ||     4
       Bend Space        |       |       |     1 |       ||     1
Evoke: Wand              |       |       |    28 |       ||    28
  Use: Scroll            |     5 |    15 |     6 |     5 ||    31
       Potion            |     1 |     1 |     5 |     5 ||    12
 Stab: Confused          |       |       |     2 |       ||     2
  Eat: Chunk             |     2 |     5 |     3 |     2 ||    12
       Ration            |       |       |     4 |     4 ||     8
Armor: Scale mail        |    74 |    54 |   226 |   215 ||   569
Dodge: Dodged            |    33 |    23 |   141 |   155 ||   352
Block: Buckler           |    14 |     8 |    52 |    81 ||   155
